 Dungeon Crawl Stone Soup version 0.28.0-53-g5a82cb258f (webtiles) character file.

Game seed: 5604070197328188562

721 Godmorgon the Cudgeller (level 7, -11/60 (61) HPs)
             Began as a Minotaur Fighter on Aug 7, 2022.
             Mangled by a two-headed ogre
             ... wielding a +0 giant club
              (24 damage)
             ... on level 4 of the Dungeon.
             The game lasted 00:12:51 (3049 turns).

Godmorgon the Cudgeller (Minotaur Fighter)          Turns: 3049, Time: 00:12:52

HP:   -11/60 (61)   AC: 11    Str: 22    XL:     7   Next: 43%
MP:   6/6           EV:  7    Int:  5    God:
Gold: 154           SH: 10    Dex: 10    Spells: 6/6 levels left

rFire   . . .      SeeInvis .   a - +0 flail
rCold   . . .      Faith    .   c - +0 buckler
rNeg    . . .      Spirit   .   h - +0 chain mail
rPois   .          Reflect  +   (helmet restricted)
rElec   .          Harm     .   (no cloak)
rCorr   .          Rampage  .   (no gloves)
Will    +....                   g - +0 pair of boots
Stlth   ..........              m - amulet of reflection
HPRegen 0.20/turn               i - ring of willpower
MPRegen 0.10/turn               (no ring)

@: hasted, lightly drained, very quick
A: horns 2, retaliatory headbutt
a: no special abilities


You were on level 4 of the Dungeon.
You visited 1 branch of the dungeon, and saw 4 of its levels.

You collected 154 gold pieces.

Inventory:

Hand Weapons
 a - a +0 flail (weapon)
Missiles
 b - 7 poisoned darts (quivered)
Armour
 c - a +0 buckler (worn)
 g - a +0 pair of boots (worn)
 h - a +0 chain mail (worn)
Jewellery
 i - a ring of willpower (left hand)
 m - an amulet of reflection (around neck)
Scrolls
 d - a scroll of holy word
 f - 2 scrolls of magic mapping
 j - a scroll of fog {unknown}
 k - a scroll of teleportation {unknown}
 n - a scroll of identify
Potions
 e - a potion of haste
 l - a potion of mutation {unknown}
 o - a potion of magic {unknown}


   Skills:
 + Level 5.6 Fighting
 * Level 6.6 Maces & Flails
 + Level 2.1 Throwing
 + Level 5.6 Armour
 - Level 5.0 Shields


You had 6 spell levels left.
You didn't know any spells.
Your spell library was empty.

Dungeon Overview and Level Annotations

Branches:
Dungeon (4/15)
 Temple: D:4-7

Altars:

Shops:
D:1 (   D:4 [


Innate Abilities, Weirdness & Mutations

You have a pair of horns on your head.
You reflexively headbutt those who attack you in melee.


Message History

2 stones; a +0 club
There is an open door here.
There is an open door here.
Throw: 9 darts (poison)
Press: ? - help, Q - select action Shift-Dir - straight line, f/p - two-headed ogre
Aim: a two-headed ogre, wielding a +0 giant club and a +2 vorpal dire flail (heavily wounded, poisoned, 74% to hit)
You throw a poisoned dart.
The poisoned dart completely misses the two-headed ogre.
The two-headed ogre hits you with a +0 giant club!
The two-headed ogre hits you with a +2 vorpal dire flail!
The two-headed ogre looks more healthy.
Throw: 8 darts (poison)
Press: ? - help, Q - select action Shift-Dir - straight line, f/p - two-headed ogre
Aim: a two-headed ogre, wielding a +0 giant club and a +2 vorpal dire flail (heavily wounded, 74% to hit)
You throw a poisoned dart.
The poisoned dart hits the two-headed ogre.
The two-headed ogre is poisoned.
The two-headed ogre is heavily wounded.
The two-headed ogre looks more healthy.
Things that are here:
a +0 robe; a +0 dire flail You see here a poisoned dart.
You see here a poisoned dart.
Throw: 7 darts (poison)
Press: ? - help, Q - select action Shift-Dir - straight line, f/p - two-headed ogre
Aim: a two-headed ogre, wielding a +0 giant club and a +2 vorpal dire flail (heavily wounded, 74% to hit)
Okay, then.
Unknown command.
You hit the two-headed ogre.
The two-headed ogre is heavily wounded.
The two-headed ogre hits you with a +0 giant club!
The two-headed ogre hits you with a +2 vorpal dire flail!!
* * * LOW HITPOINT WARNING * * *
x2
Okay, then.
Unknown command.
You feel yourself speed up.
You hit the two-headed ogre.
The two-headed ogre is heavily wounded.
The two-headed ogre hits you with a +0 giant club!!
You die...

#.>....[........(...'...(...
#.....###############.......
#.....# #....... ##'##.#
#....... #.##.# #.......
####.##.# ####'### .....#.#
#.##.
###..#.##################..#.
#....(((.(.O@......[....(....
#.##.#.#.#################...
#.#.#.# ##.. # #.#.# #..
#.#.# #.. #.#.# #.. #.#.# ##.
#.#.# #. #.# #.


You could see a two-headed ogre.

Vanquished Creatures
  Sigmund (D:3)
  An ogre (D:4)
  Blork the orc (D:4)
  A scorpion (D:4)
  A water moccasin skeleton (D:4)
  5 wights
  3 adders
  3 gnolls (D:4)
  A worm (D:3)
  A dart slug (D:1)
  6 orcs (D:4)
  5 endoplasms
  7 goblins
  3 hobgoblins
  2 jackals (D:2)
  3 quokkas
  3 ball pythons
  3 bats
  2 frilled lizards (D:2)
  7 kobolds
  4 rats
63 creatures vanquished.

Notes
Turn   | Place    | Note
-------+----------+-------------------------------------------
     0 | D:1      | Godmorgon the Minotaur Fighter began the quest for the Orb.
     0 | D:1      | Reached XP level 1. HP: 19/19 MP: 0/0
    24 | D:1      | Found Elik's Antique Weapon Emporium.
   272 | D:1      | Reached XP level 2. HP: 27/27 MP: 1/1
   339 | D:1      | Reached skill level 3 in Maces & Flails
   581 | D:2      | Reached XP level 3. HP: 25/33 MP: 2/2
   750 | D:2      | Found a faded altar of an unknown god.
  1569 | D:3      | Reached XP level 4. HP: 24/40 MP: 3/3
  1778 | D:3      | Noticed Sigmund
  1840 | D:4      | Noticed an ogre
  1862 | D:3      | Killed Sigmund
  1863 | D:3      | Reached skill level 5 in Maces & Flails
  1863 | D:3      | Reached XP level 5. HP: 46/47 MP: 4/4
  2401 | D:4      | Reached XP level 6. HP: 53/55 MP: 5/5
  2453 | D:4      | Noticed Blork the orc
  2463 | D:4      | Killed Blork the orc
  2489 | D:4      | Found Soad's Antique Armour Shoppe.
  2528 | D:4      | Reached skill level 5 in Fighting
  2528 | D:4      | Reached skill level 5 in Armour
  2528 | D:4      | Reached skill level 5 in Shields
  2541 | D:4      | Reached skill level 1 in Throwing
  2747 | D:4      | Reached skill level 6 in Maces & Flails
  2747 | D:4      | Reached XP level 7. HP: 59/61 MP: 6/6
  2993 | D:4      | Noticed a two-headed ogre
  3049 | D:4      | Mangled by a two-headed ogre

Illustrated notes

Levels and vault maps discovered:
D:1:      mrwooster_arrival_statue_2, layout_rooms, serial_shops,
          nicolae_shop_overgrown_old_shop, minivault_19
D:2:      layout_loops_ring, hellmonk_ecumenical_altar_arch_garden,
          serial_glass, glass_columns_c, glass_columns_a, glass_columns_b,
          glass_columns_a, glass_columns_b, glass_columns_c, glass_columns_b,
          glass_columns_a
D:3:      layout_loops_ring, chequers_serial_rivers_small_b, minivault_26,
          minmay_crystal_room, uniq_sigmund
D:4:      layout_basic, serial_shops, shop, uniq_blork_the_orc

Skill      XL: |  1  2  3  4  5  6  7 |
---------------+----------------------+-----
Maces & Flails | 3 5 6 |  6.6
Fighting       | 4 5 |  5.6
Armour         | 4 5 |  5.6
Shields        | 4 5 |  5.0
Throwing       | 1 2 |  2.1

Action                   |  1- 3 |  4- 6 |  7- 9 || total
-------------------------+-------+-------+-------++-------
Melee: Flail             |    74 |    58 |    18 ||   150
       Headbutt          |     8 |     5 |     4 ||    17
Throw: Dart              |       |    13 |     6 ||    19
  Use: Scroll            |       |     3 |       ||     3
       Potion            |       |     2 |     1 ||     3
Armor: Scale mail        |    13 |       |       ||    13
       Chain mail        |    19 |    24 |     3 ||    46
Dodge: Dodged            |    25 |    10 |     4 ||    39
Block: Buckler           |    14 |    24 |     3 ||    41
